 Dungeon Crawl Stone Soup version 0.13-a0-1672-g2e244fd (webtiles) character file.

191 istymast the Covered (level 4, -11/32 HPs)
             Began as a High Elf Fighter on June 19, 2013.
             Killed by divine providence
             ... invoked by an orc priest
              (14 damage)
             ... on Level 3 of the Dungeon.
             The game lasted 00:30:44 (2677 turns).

istymast the Covered (High Elf Fighter)             Turns: 2677, Time: 00:30:44

HP -11/32        AC  8     Str 15      XL: 4   Next: 50%
MP   6/6         EV  6     Int 11      God:
Gold 89          SH 19     Dex 16      Spells:  0 memorised,  3 levels left

Res.Fire  : . . .   See Invis. : .   a - +0 elf short sword
Res.Cold  : . . .   Warding    : .   b - +0 elf scale mail
Life Prot.: . . .   Conserve   : .   c - +0 elf shield
Res.Poison: .       Res.Corr.  : .   (no helmet)
Res.Elec. : .       Clarity    : .   (no cloak)
Sust.Abil.: . .     Spirit.Shd : .   (no gloves)
Res.Mut.  : .       Stasis     : .   o - +0 pair of boots
Res.Rott. : .       Flight     : .   (no amulet)
Saprovore : . . .                    (no ring)
                                     (no ring)

@: slightly resistant to hostile enchantments, extremely unstealthy
A: no striking features
a: no special abilities


You were on level 3 of the Dungeon.
You were not hungry.

You visited 1 branch of the dungeon, and saw 4 of its levels.

You collected 69 gold pieces.

Inventory:

Hand weapons
 a - a +0,+0 elven short sword (weapon)
 e - a +0,+0 orcish falchion
 k - a +2,+0 elven short sword
 p - a +0,+1 orcish club (quivered)
 r - a -1,+3 orcish dagger of flaming
 s - a +0,+0 dagger
 u - a +0,+0 dagger
 w - a +0,+0 club
 x - a -1,+1 orcish dagger
 z - a +0,+0 halberd
 G - a +3,+2 dagger
 J - a -1,+1 orcish hammer
 L - a +0,+0 dagger
Missiles
 g - 14 poisoned needles
 q - 25 arrows
 t - a throwing net [torn]
 A - a poisoned dart
Armour
 b - a +0 elven scale mail (worn)
 c - a +0 elven shield (worn)
 o - a +0 pair of boots (worn)
 v - a +0 ring mail
 C - a +0 ring mail
 I - a +0 pair of gauntlets
 K - a +1 orcish scale mail
 N - a +0 orcish robe
Comestibles
 d - 4 bread rations
 B - 4 chunks of orc flesh
Scrolls
 n - a scroll of recharging
 y - a scroll of identify
 E - a scroll of enchant weapon I
 F - 2 scrolls of remove curse {unknown}
Jewellery
 h - a cursed ring of hunger
 H - a cursed amulet of resist corrosion
 M - an uncursed ring of teleport control {unknown}
Potions
 i - 2 potions of mutation
 j - a potion of paralysis
 D - a potion of heal wounds {unknown}


   Skills:
 + Level 3.2 Fighting
 + Level 2.8 Short Blades
 + Level 0.0 Long Blades
   Level 0.0 Axes
 + Level 0.0 Maces & Flails
 + Level 0.0 Polearms
   Level 0.0 Staves
   Level 0.0 Slings
   Level 0.0 Bows
   Level 0.0 Crossbows
 + Level 2.1 Throwing
 + Level 3.3 Armour
 + Level 1.3 Dodging
 + Level 0.8 Stealth
   Level 0.0 Stabbing
 + Level 3.1 Shields
 + Level 0.0 Traps
 + Level 0.0 Unarmed Combat
 + Level 0.0 Spellcasting
   Level 0.0 Conjurations
   Level 0.0 Hexes
   Level 0.0 Charms
   Level 0.0 Summonings
   Level 0.0 Necromancy
   Level 0.0 Translocations
   Level 0.0 Transmutations
   Level 0.0 Fire Magic
   Level 0.0 Ice Magic
   Level 0.0 Air Magic
   Level 0.0 Earth Magic
   Level 0.0 Poison Magic
   Level 0.0 Invocations
   Level 0.0 Evocations


You had 3 spell levels left.
You didn't know any spells.

Dungeon Overview and Level Annotations

Branches:
Dungeon (4/27)
 Temple: D:4-7

Altars:


Message History

You kill the orc!
The orc priest prays to Beogh.
You feel a wave of unholy energy pass over you.
The orc priest hits you but does no damage.
You hit the orc priest.
The orc priest is moderately wounded.
You hit the orc priest.
The orc priest is moderately wounded.
The orc priest hits you.
You hit the orc priest.
The orc priest is heavily wounded.
The orc priest mumbles some strange prayers to Beogh against you.
Something smites you!
* * * LOW HITPOINT WARNING * * *
The orc priest barely misses you.
There is an escape hatch in the floor here.
The orc priest glows brightly for a moment.
The orc priest calls down the wrath of Beogh upon you.
Something smites you!
You die...

+............#
#........#....
..........#...
...........#..
............#..
.............
...#....... +..........
######## +.@........
#......#####+........#.
#...........o........#
#....................#
#....................#
#.............#######
#.............#
#.............#
#.............#


You could see an orc priest.

Vanquished Creatures
  An orc wizard (D:3)
  Terence (D:2)
  A gnoll (D:1)
  2 worms (D:2)
  A giant gecko (D:2)
  2 oozes (D:1)
  3 orcs (D:3)
  A ball python (D:2)
  7 bats
  3 giant cockroaches
  4 hobgoblins (D:1)
  A quokka (D:2)
  A giant newt (D:1)
  6 goblins
  2 kobolds (D:2)
  3 rats (D:2)
39 creatures vanquished.

Notes
Turn   | Place    | Note
--------------------------------------------------------------
     0 | D:1      | istymast, the High Elf Fighter, began the quest for the Orb.
     0 | D:1      | Reached XP level 1. HP: 16/16 MP: 1/1
   408 | D:1      | Reached XP level 2. HP: 19/21 MP: 2/2
   951 | D:1      | Reached skill level 1 in Throwing
   996 | D:2      | Reached XP level 3. HP: 27/27 MP: 4/4
  1151 | D:2      | Noticed Terence
  1164 | D:2      | Killed Terence
  1574 | D:2      | Reached skill level 1 in Dodging
  2004 | D:2      | Reached XP level 4. HP: 32/32 MP: 6/6
  2661 | D:3      | HP: 1/32 [orc priest/divine providence (10)]
  2677 | D:3      | Killed from afar by an orc priest

Action                   |  1- 3 |  4- 6 || total
-------------------------+-------+-------++-------
Melee: Short sword       |   118 |    32 ||   150
Throw: Dart              |    67 |    16 ||    83
       Dagger            |       |     3 ||     3
       Club              |       |     1 ||     1
  Use: Scroll            |     4 |     3 ||     7
